Match 41422306
Unlisted

Match 41422306
End
Construct Barracks
Selects Special Operations Battlegroup
Riflemen Squad
1⁄4-ton 4x4 Truck
Riflemen Squad
Air Support Center
Construct Weapon Support Center
M3 Armored Personnel Carrier
Engineer Squad
M3 Armored Personnel Carrier
M1918 Browning Automatic Rifles
Grenade Package
Double Sortie
Air Supremacy
P-47 Strafing Run
Selects M29 Weasel with M1 Pack Howitzer
Selects P-47 Anti-Infantry Loiter
Selects UNKNOWN (2162291)
Grasshopper Recon Run
Advanced Air Reconnaissance
Improved Aircraft Armor
P-47 Strafing Run
Selects Raiding Flares
Grasshopper High-Altitude Recon Run
P-47 Strafing Run
P-47 Anti-Infantry Loiter
Construct Tank Depot
Raiding Flares
P-47 Dive Bomb
Selects SSF Commando Squad
SSF Commando Squad
M3 Armored Personnel Carrier
SSF Commando Squad
Selects Air Re-supply Operation
Air Re-Supply Operation
Grasshopper High-Altitude Recon Run
M4A1 Sherman Whizbang
Raiding Flares
M18 Hellcat Tank Destroyer
Improved M9 Bazooka Rockets
Grasshopper High-Altitude Recon Run
M18 Hellcat Tank Destroyer
P-47 Dive Bomb
Grasshopper High-Altitude Recon Run
P-47 Strafing Run
P-47 Anti-Infantry Loiter
Raiding Flares
Sombra
Gleader
AngelRipper
KT6790
Muell0r
Danihell
Rango
Mael Radec
0
0

Comments sign in to comment!

No comments posted yet!